 Dungeon Crawl Stone Soup version 0.29-a0-275-g389c0b56f3 (webtiles) character file.

Game seed: 12755063256961282491

132 PaleWalker the Slasher (level 5, -1/40 HPs)
             Began as a Djinni Gladiator on Mar 10, 2022.
             Slain by an ogre
             ... wielding a +0 giant club
              (19 damage)
             ... on level 3 of the Dungeon.
             The game lasted 00:06:33 (2391 turns).

PaleWalker the Slasher (Djinni Gladiator)           Turns: 2391, Time: 00:06:33

Health: -1/40      AC:  5    Str: 13    XL:     5   Next: 38%
Gold:   95         EV:  8    Int:  9    God:
                   SH: 11    Dex: 17

rFire   + + .      SeeInvis .   a - +0 long sword
rCold   . . .      Faith    .   g - +0 tower shield
rNeg    . . .      Spirit   .   b - +0 leather armour
rPois   ∞          Reflect  .   c - +0 helmet
rElec   .          Harm     .   k - +0 cloak
rCorr   .          Rampage  .   (no gloves)
Will    .....                   (boots unavailable)
Stlth   +.........              (no amulet)
HPRegen 0.13/turn               s - ring of protection from cold
MPRegen 0.00/turn               (no ring)

@: flying
A: sickness immunity, fire resistance 2, cold vulnerability 1, float, innate
caster, HP casting, extra vitality 1
a: no special abilities


You were on level 3 of the Dungeon.
You visited 1 branch of the dungeon, and saw 4 of its levels.

You collected 161 gold pieces.
You spent 66 gold pieces at shops.

Inventory:

Hand Weapons
 a - a +0 long sword (weapon)
Missiles
 d - 3 throwing nets (quivered)
 e - a javelin
Armour
 b - a +0 leather armour (worn)
 c - a +0 helmet (worn)
 g - a +0 tower shield (worn)
 i - an orb of guile
 j - a +0 ring mail
 k - a +0 cloak (worn)
Jewellery
 s - a ring of protection from cold (left hand)
Wands
 t - a wand of iceblast (10)
Scrolls
 f - a scroll of magic mapping {unknown}
 l - a scroll of silence {unknown}
 m - 9 scrolls of identify {unknown}
 n - 3 scrolls of teleportation {unknown}
 o - a scroll of fear {unknown}
 p - 3 scrolls of immolation {unknown}
 q - 2 scrolls of vulnerability {unknown}
 v - a scroll of fog {unknown}
 w - a scroll of amnesia {unknown}
 y - a scroll of brand weapon {unknown}
Potions
 h - 2 potions of curing {unknown}
 r - 2 potions of degeneration {unknown}
 u - a potion of haste {unknown}
 x - a potion of attraction {unknown}


   Skills:
 + Level 3.1 Fighting
 + Level 4.2 Long Blades
 - Level 1.5 Throwing
 - Level 3.2 Dodging
 * Level 1.2 Spellcasting


You had 3 spell levels left.
You knew the following spells:

 Your Spells              Type           Power      Damage    Failure   Level
a - Magic Dart            Conj           8%         1d3       99%         1
b - Wereblood             Tmut           2%         N/A       100%        2
Your spell library was empty.


Dungeon Overview and Level Annotations

Branches:
Dungeon (4/15)
 Temple: D:4-7

Altars:
Uskayaw
Zin

Shops:
D:2 *   D:3 *

Annotations:
D:4 Grinder


Innate Abilities, Weirdness & Mutations

You are immune to sickness and miasma.
You are immune to poison.
Your flesh is very heat resistant. (rF++)
You are vulnerable to cold. (rC-)
You float through the air rather than walking.
You learn spells naturally, not from books.
Your magical power is your life essence.
You have superior vitality. (+4 MHP)


Message History

Aim: a ball python (about 42% to evade your +0 long sword)
Okay, then.
The ball python attacks as you move away!
The ball python bites you. The ball python barely misses you.
You block the ball python's attack. The ball python barely misses you.
The ball python attacks as you move away!
You block the ball python's attack. The ball python barely misses you.
The ball python attacks as you move away!
You block the ball python's attack. x2
The ball python bites you but does no damage.
You block the ball python's attack.
There is an open door here.
The ball python attacks as you move away!
You block the ball python's attack. x2
The ball python attacks as you move away!
You block the ball python's attack. x2
You hit the ball python.
The ball python is severely wounded.
You block the ball python's attack. The ball python grabs you.
The ball python constricts you. You block the ball python's attack.
The ball python constricts you.
You closely miss the ball python.
The ball python is severely wounded.
The ball python bites you but does no damage.
The ball python constricts you. The ball python bites you.
The ball python constricts you.
You barely miss the ball python.
The ball python is severely wounded.
You block the ball python's attack. The ball python constricts you.
The ball python bites you but does no damage.
The ball python constricts you.
You barely miss the ball python.
The ball python is severely wounded.
You block the ball python's attack. The ball python constricts you.
The ball python barely misses you. The ball python constricts you.
You slash the ball python!
You kill the ball python!
The ogre attacks as you move away!
The ogre hits you with a +0 giant club!!
You die...

.# #......###.#
.#####...∩.._⌠#.#
............###.########
.............#..O......#
...........#...#######.######
.........####### #####......#
'#...........# #...#..###.##
.#...........#####.#.#..#....#
.#...........'.O@.......#.#####
.#.....#.....#####.##..##.#...#
.#######.....# #........#.#.#
..(...##.....# #.....#......#
......######## ##.......#...#
.......# #.##.##....####
.......# #..............
.......# ######.#.#...#.#.#.
.......# #....#.#.#...#...#.


You could see an ogre.

Vanquished Creatures
  2 iguanas (D:4)
  3 adders
  An ufetubus (D:3)
  A dart slug (D:1)
  2 orcs
  An endoplasm (D:2)
  4 goblins
  12 hobgoblins
  4 kobolds
  8 ball pythons
  4 bats
  A frilled lizard (D:1)
  2 rats
45 creatures vanquished.

Notes
Turn   | Place    | Note
-------+----------+-------------------------------------------
     0 | D:1      | PaleWalker the Djinni Gladiator began the quest for the
                  | Orb.
     0 | D:1      | Reached XP level 1. HP: 18/18 MP: 0/0
    35 | D:1      | Reached XP level 2. HP: 20/23 MP: 0/0
    36 | D:1      | Reached skill level 3 in Long Blades
   482 | D:1      | Reached XP level 3. HP: 29/29 MP: 0/0
   482 | D:1      | Learned a level 1 spell: Magic Dart
   555 | D:2      | Found Kuag's Assorted Antiques.
   630 | D:2      | Bought a scroll labelled EHEMPAKEMI for 22 gold pieces
   630 | D:2      | Bought a scroll labelled ETICRA BACIK for 22 gold pieces
   630 | D:2      | Bought a scroll labelled LOID OGRUODIE for 22 gold pieces
  1279 | D:2      | Reached skill level 1 in Spellcasting
  1396 | D:2      | Reached XP level 4. HP: 29/34 MP: 0/0
  1621 | D:3      | Found Zin's Purification Station.
  1621 | D:3      | Found a glowing silver altar of Zin.
  2074 | D:4      | Reached skill level 4 in Long Blades
  2074 | D:4      | Reached XP level 5. HP: 27/40 MP: 0/0
  2074 | D:4      | Learned a level 2 spell: Wereblood
  2212 | D:4      | Found a hide-covered altar of Uskayaw.
  2326 | D:4      | Noticed Grinder
  2333 | D:4      | Noticed an ogre
  2391 | D:3      | Slain by an ogre

Illustrated notes

Levels and vault maps discovered:
D:1:      amcnicky_arrival_flooded_fountain, layout_basic, minmay_tromino_i4
D:2:      layout_rooms, serial_shops, nicolae_shop_behind_doors,
          hangedman_decor_clover_reticule, nicolae_underground_beach
D:3:      layout_basic, zin_purify
D:4:      layout_loops_cross, lemuel_tele_altar, uniq_sigmund,
          uniq_crazy_yiuf_cottage, uniq_grinder

Skill      XL: |  1  2  3  4 |
---------------+-------------+-----
Long Blades    | 3 4 |  4.2
Spellcasting   | 1 |  1.2
Fighting       | 3 |  3.1
Throwing       | |  1.5
Dodging        | |  3.2

Action                   |  1- 3 |  4- 6 || total
-------------------------+-------+-------++-------
Melee: Long sword        |    87 |    49 ||   136
Armor: Leather armour    |     2 |     8 ||    10
       Ring mail         |    44 |    13 ||    57
Dodge: Dodged            |    31 |    29 ||    60
Block: Tower shield      |    77 |    62 ||   139

Table legend: (Time is in decaauts)
 A = Elapsed time spent in this place.
 B = Non-inter-level travel time spent in this place.
 C = Inter-level travel time spent in this place.
 D = Time resting spent in this place.
 E = Time spent auto-exploring this place.
 F = Levels seen in this place.
 G = Mean time per level.
                   A        B        C        D        E       F      G
               +--------+--------+--------+--------+--------+-----+--------+
         Total |   2475 |   2418 |     57 |      0 |   1783 |   4 |  618.8 |
       Dungeon |   2475 |   2418 |     57 |      0 |   1783 |   4 |  618.8 |
               +--------+--------+--------+--------+--------+-----+--------+

Top non-repeatable levels by time:
     D:2: 1043 daAuts
     D:3: 567 daAuts
     D:1: 543 daAuts
     D:4: 321 daAuts
